 Dungeon Crawl Stone Soup version 0.20.0-15-g7f486f2 (webtiles) character file.

7866 straycat the Nimble (level 11, -8/77 HPs)
             Began as a Vampire Fighter on June 14, 2017.
             Was a Believer of Hepliaklqana.
             Mangled by a two-headed ogre
             ... wielding a +0 giant club
              (17 damage)
             ... on level 10 of the Dungeon.
             The game lasted 00:56:44 (10441 turns).

straycat the Nimble (Vampire Fighter)              Turns: 10441, Time: 00:56:44

Health: -8/77      AC: 14    Str: 23    XL:     11   Next: 2%
Magic:  11/11      EV: 23    Int: 14    God:    Hepliaklqana [**....]
Gold:   565        SH:  6    Dex: 20    Spells: 10/10 levels left

rFire    x . .     SeeInvis +   W - +8 rapier of Oliduagu {pierce, rN++}
rCold    + + .     Gourm    .   b - +0 buckler (curse)
rNeg     + + +     Faith    .   V - +0 ice dragon scales
rPois    +         Spirit   .   y - +0 helmet
rElec    .         Reflect  .   (no cloak)
rCorr    .         Harm     .   w - +1 pair of gloves
MR       +....                  r - +0 pair of boots
Stlth    +++++.....             (no amulet)
Regen    0.3/turn               a - +4 ring of intelligence
MPRegen  0.2/turn               I - ring of poison resistance

@: mighty, agile
A: reduced essence, fangs 3, see invisible, unbreathing
a: Bat Form, Recall Ancestor, Ancestor Identity, Renounce Religion


You were on level 10 of the Dungeon.
You worshipped Hepliaklqana.
Hepliaklqana was pleased with you.
You were not thirsty.

You visited 2 branches of the dungeon, and saw 11 of its levels.

You collected 565 gold pieces.

Inventory:

Hand Weapons
 f - a +0 short sword of speed
 x - a +0 whip of draining
 C - a +0 hunting sling
 D - a +2 whip of flaming
 K - a +1 antimagic long sword
 Q - a +0 blowgun
 S - a +0 mace of protection
 W - the +8 rapier of Oliduagu (weapon) {pierce, rN++}
   (You found it on level 8 of the Dungeon)

   It inflicts extra damage upon your enemies.
   It greatly protects you from negative energy.
 Y - a +0 trident
Missiles
 n - 77 bolts
 o - 28 sling bullets
 t - 74 poisoned needles
 A - 14 tomahawks (quivered)
 L - 3 tomahawks of dispersal
 O - 2 throwing nets
Armour
 b - a cursed +0 buckler (worn)
 c - a +0 shield
 r - a +0 pair of boots (worn)
 w - a +1 pair of gloves (worn)
 y - a +0 helmet (worn)
 M - a cursed +0 scale mail
 V - +0 ice dragon scales (worn)
Jewellery
 a - a +4 ring of intelligence (left hand)
 I - a ring of poison resistance (right hand)
Wands
 F - a wand of digging (3/24)
 R - a wand of polymorph (7/24)
 X - a wand of lightning (12/15)
Scrolls
 l - 3 scrolls of immolation
 m - 2 scrolls of blinking
 p - 3 scrolls of fear
 u - 3 scrolls of amnesia
 z - 3 scrolls of teleportation
 B - a scroll of fog
 E - a scroll of magic mapping
 H - a scroll of remove curse
 P - a scroll of recharging
Potions
 d - a potion of curing
 e - 27 potions of blood
 g - a potion of haste {unknown}
 h - a potion of berserk rage
 j - 3 potions of flight
 k - a potion of brilliance {unknown}
 q - a potion of cancellation {unknown}
 s - 2 potions of mutation {unknown}
 G - 2 potions of magic
 J - a potion of heal wounds {unknown}
 N - 2 potions of ambrosia {unknown}
 U - a potion of might
Books
 v - a book of Conjurations

   Spells                             Type                      Level
   a - Magic Dart                     Conjuration                  1
   b - Searing Ray                    Conjuration                  2
   c - Dazzling Spray                 Conjuration/Hexes            3
   d - Fulminant Prism                Conjuration/Hexes            4
   e - Force Lance                    Conjuration/Translocation    4
   f - Iskenderun's Mystic Blast      Conjuration                  4


   Skills:
 + Level 7.9 Fighting
 - Level 2.1 Short Blades
 - Level 2.4 Armour
 * Level 11.7 Dodging
 + Level 11.7 Stealth
 + Level 6.6 Shields


You had 10 spell levels left.
You didn't know any spells.

Dungeon Overview and Level Annotations

Branches:
Dungeon (10/15)            Temple (1/1) D:7            Lair (0/6) D:8
    Orc: D:9-12

Altars:
Ashenzari
Cheibriados
Fedhas
Hepliaklqana
Ru
Trog
Uskayaw
Vehumet
Xom
Yredelemnul
Zin

Shops:
D:7 (


Innate Abilities, Weirdness & Mutations

You have razor-sharp teeth.
You have supernaturally acute eyesight. (SInv)
You can survive without breathing.
Your life essence is reduced. (-10% HP)


Message History

The two-headed ogre completely misses you.
You hit the two-headed ogre.
The two-headed ogre is lightly wounded.
You barely miss the two-headed ogre.
You bite the two-headed ogre, but do no damage.
The two-headed ogre is lightly wounded.
You block the two-headed ogre's attack.
The two-headed ogre hits you with a giant club!
You feel agile all of a sudden.
The two-headed ogre closely misses you. x2
You feel very mighty all of a sudden. You block the two-headed ogre's attack.
The two-headed ogre hits you with a giant club.
One of your 28 potions of blood rots away.
You impale the two-headed ogre!!
The two-headed ogre is severely wounded.
The two-headed ogre hits you with a giant club!
* * * LOW HITPOINT WARNING * * *
The two-headed ogre hits you with a giant club!
You die...

#. #...# #.#
#.#####...# #.#
#.##....##...# #.#
#............######.#
#..............#
#.#####.######## #l#
#.# #O# #.##### #@#
#(.().###### #.#
###).)...>.. #.#
#.#.###### ..# #.#.#
#..# #.#.# #..# #.#..
#..# #.##. #..# #.#
.# #..# ... .#


You could see a two-headed ogre and an iguana.

Vanquished Creatures
  2 two-headed ogres
  Pikel (D:8)
  Grinder (D:6)
  7 yaks
  A steam dragon (D:9)
  Menkaure (D:7)
  Edmund (D:5)
  A porcupine (D:7)
  2 orc warriors
  2 sky beasts
  A black bear (D:8)
  2 ice beasts
  A phantom (D:5)
  A slave (D:8)
  3 centaurs
  4 ogres
  The ghost of NoAnimeNoLife the Skirmisher, an amateur OpFi (D:3)
  A crocodile (D:7)
  3 bullfrogs
  A big kobold (D:10)
  A wyvern skeleton (D:8)
  A scorpion (D:4)
  4 killer bees (D:8)
  3 howler monkeys
  3 crimson imps (D:6)
  A bullfrog zombie (D:5)
  A jelly (D:6)
  2 bullfrog skeletons
  3 hounds
  7 orc priests
  Ijyb (D:5)
  3 orc wizards
  Jessica (D:2)
  5 iguanas
  9 worker ants
  A killer bee zombie (D:7)
  A hound zombie (D:5)
  A worker ant zombie (D:9)
  3 gnolls (D:6)
  7 adders
  2 oozes
  2 adder skeletons
  4 worms
  A dart slug (D:2)
  2 leopard geckos
  32 orcs
  10 bats
  6 giant cockroaches
  13 goblins
  12 hobgoblins
  13 jackals
  7 quokkas
  4 frilled lizards
  A jackal skeleton (D:5)
  2 jackal zombies
  10 kobolds
  A quokka zombie (D:6)
  6 rats
223 creatures vanquished.

Vanquished Creatures (collateral kills)
  The ghost of NoAnimeNoLife the Basher, a novice DsFi (D:6)
  A hippogriff (D:9)
  2 yaks
  An orc warrior (D:8)
  2 bullfrogs
  A howler monkey (D:7)
  A bullfrog zombie (D:6)
  A centaur zombie (D:6)
  A jelly (D:10)
  An orc wizard (D:8)
  A worker ant (D:7)
  A hound zombie (D:8)
  2 adders (D:6)
  6 orcs
  3 jackals (D:6)
  A kobold (D:10)
26 creatures vanquished.

Vanquished Creatures (others)
  2 slaves (D:8)
  A battlemage (D:10)
  7 ancestors
  8 fungi (D:8)
  4 plants (D:8)
22 creatures vanquished.

Grand Total: 271 creatures vanquished

Notes
Turn   | Place    | Note
-------+----------+-------------------------------------------
     0 | D:1      | straycat the Vampire Fighter began the quest for the Orb.
     0 | D:1      | Reached XP level 1. HP: 17/17 MP: 1/1
   238 | D:1      | Reached skill level 1 in Dodging
   335 | D:1      | Reached XP level 2. HP: 21/23 MP: 2/2
   496 | D:1      | Reached skill level 1 in Stealth
   919 | D:2      | Reached XP level 3. HP: 16/29 MP: 3/3
  1415 | D:2      | Reached XP level 4. HP: 33/35 MP: 4/4
  1539 | D:2      | Noticed Jessica
  1542 | D:2      | Killed Jessica
  1936 | D:3      | Reached XP level 5. HP: 19/42 MP: 5/5
  2314 | D:3      | Noticed NoAnimeNoLife's ghost (amateur OpFi)
  2336 | D:3      | Killed NoAnimeNoLife's ghost
  2630 | D:3      | Reached XP level 6. HP: 18/48 MP: 6/6
  2908 | D:3      | You fall through a shaft for 3 floors!
  2910 | D:6      | Noticed an orc warrior
  2913 | D:5      | Entered Level 5 of the Dungeon
  3610 | D:4      | Reached skill level 5 in Dodging
  3613 | D:4      | Reached skill level 5 in Stealth
  4003 | D:5      | Reached XP level 7. HP: 24/55 MP: 7/7
  4461 | D:5      | Found a snail-covered altar of Cheibriados.
  4487 | D:5      | Noticed Edmund
  4507 | D:5      | Killed Edmund
  4712 | D:5      | Noticed Ijyb
  4733 | D:5      | Killed Ijyb
  4751 | D:5      | Reached skill level 5 in Fighting
  5132 | D:6      | Noticed NoAnimeNoLife's ghost (novice DsFi)
  5177 | D:6      | Found a shimmering altar of Xom.
  5313 | D:6      | Noticed Grinder
  5316 | D:6      | Paralysed by Grinder for 2 turns
  5322 | D:6      | Paralysed by Grinder for 2 turns
  5331 | D:6      | HP: 1/56 [ogre/giant club (23)]
  5349 | D:6      | Killed Grinder
  5349 | D:6      | Reached XP level 8. HP: 12/62 MP: 8/8
  5505 | D:7      | Found a staircase to the Ecumenical Temple.
  5532 | Temple   | Entered the Ecumenical Temple
  5564 | Temple   | Became a worshipper of Hepliaklqana the Forgotten
  5609 | D:7      | Found a sacrificial altar of Ru.
  5797 | D:7      | Noticed Menkaure
  5806 | D:7      | Killed Menkaure
  6024 | D:7      | Found Geinuplo's Antique Weapon Shoppe.
  6575 | D:6      | Killed NoAnimeNoLife's ghost
  6575 | D:6      | Reached XP level 9. HP: 22/62 MP: 9/9
  7845 | D:8      | Reached * piety under Hepliaklqana
  8120 | D:7      | Reached skill level 5 in Shields
  8200 | D:8      | Found a staircase to the Lair.
  8240 | D:8      | Found a sand-covered staircase.
  8259 | D:8      | Got a faintly glowing rapier
  8265 | D:8      | Identified the +8 rapier of Oliduagu {pierce, rN++} (You found it on level 8 of the Dungeon)
  8314 | D:8      | Reached skill level 10 in Dodging
  8318 | D:8      | Reached skill level 10 in Stealth
  8424 | D:8      | Noticed a two-headed ogre
  8434 | D:8      | Killed a two-headed ogre
  8434 | D:8      | Reached XP level 10. HP: 35/71 MP: 10/10
  9108 | D:8      | Noticed Pikel
  9122 | D:8      | Killed Pikel
  9693 | D:9      | Noticed a two-headed ogre
  9701 | D:9      | Killed a two-headed ogre
  9959 | D:9      | Reached ** piety under Hepliaklqana
  9960 | D:9      | Remembered your ancestor Seras as a battlemage
 10233 | D:9      | Found a radiant altar of Vehumet.
 10233 | D:9      | Found a blossoming altar of Fedhas.
 10238 | D:9      | Found a faded altar of an unknown god.
 10242 | D:9      | Found a faded altar of an unknown god.
 10244 | D:9      | Found a glowing silver altar of Zin.
 10323 | D:10     | Entered Level 10 of the Dungeon
 10419 | D:10     | Reached XP level 11. HP: 43/77 MP: 11/11
 10429 | D:10     | Noticed a two-headed ogre
 10441 | D:10     | Mangled by a two-headed ogre

Skill      XL: |  1  2  3  4  5  6  7  8  9 10 |
---------------+-------------------------------+-----
Dodging        | 1 2 3 4 5 7 8 10 11 | 11.7
Fighting       | 3 4 5 6 7 |  7.9
Stealth        | 1 2 3 4 5 7 8 10 11 | 11.7
Shields        | 3 4 5 6 |  6.6
Short Blades   | |  2.1
Armour         | |  2.4

Action                   |  1- 3 |  4- 6 |  7- 9 | 10-12 || total
-------------------------+-------+-------+-------+-------++-------
Melee: Rapier            |   130 |   283 |   342 |   149 ||   904
       Bite              |    12 |    33 |    57 |    20 ||   122
       Long sword        |       |       |    34 |       ||    34
Throw: Tomahawk          |       |       |     1 |       ||     1
Invok: Ancestor Identity |       |       |     1 |       ||     1
       Ancestor Life: Ba |       |       |       |     1 ||     1
  Use: Potion            |       |    12 |    25 |     7 ||    44
       Scroll            |       |     9 |    10 |     2 ||    21
 Stab: Sleeping          |       |     3 |     8 |     4 ||    15
       Distracted        |       |       |     2 |       ||     2
  Eat: Corpse            |     1 |     1 |     1 |     1 ||     4
Armor: Scale mail        |    95 |    99 |    80 |       ||   274
       Ice dragon scales |       |       |    38 |    41 ||    79
Dodge: Dodged            |    74 |    89 |   226 |    70 ||   459
Block: Shield            |   111 |   110 |    22 |       ||   243
       Buckler           |       |       |    75 |    37 ||   112
       Rpst.: Long sword |       |       |    17 |       ||    17
